 Dungeon Crawl Stone Soup version 0.31-a0-986-g5e6e4ef867 (console) character file.

Game seed: 4745100655644121183

17521 jejorda2 the Cleaver (level 12, -7/145 HPs)
             Began as a Gnoll Berserker on Nov 16, 2023.
             Was a High Priest of Trog.
             Mangled by a frost giant
             ... wielding a +4 battleaxe of freezing
              (15 damage)
             ... in an ice cave.
             The game lasted 00:24:07 (11369 turns).

jejorda2 the Cleaver (Gnoll Berserker)             Turns: 11369, Time: 00:24:09

Health: -7/145     AC: 17    Str: 20    XL:     12   Next: 48%
Magic:  23/23      EV: 16    Int:  7    God:    Trog [*****.]
Gold:   688        SH:  0    Dex: 13    Spells: 25/25 levels left

rFire   + . .        b - +5 battleaxe (freeze)
rCold   . . .        (shield currently unavailable)
rNeg    . . .        x - +0 chain mail
rPois   .            A - +0 helmet
rElec   .            p - +1 cloak
rCorr   .            w - +0 pair of gloves
SInv    .            d - +0 pair of boots
Will    ++...        g - amulet of faith Stlth
                     u - +5 ring of evasion
HPRegen 1.44/turn    v - ring of protection from fire
MPRegen 0.18/turn

%: faith
@: berserking, strong-willed, regenerating, very quick
A: fangs 1, strong nose, distributed training
a: Renounce Religion, Berserk, Trog's Hand, Brothers in Arms


You were in an ice cave.
You worshipped Trog.
Trog was extremely pleased with you.
You visited 1 branch of the dungeon, and saw 11 of its levels.
You also visited: Ice Cave.

You collected 688 gold pieces.

Inventory:

Hand Weapons
 a - the +10 dagger of the Jolly Tables {speed, Will+}
   (You found it on level 4 of the Dungeon)

   Will+:     It increases your willpower.
 b - a +5 battleaxe of freezing (weapon)
 B - a +0 broad axe
Missiles
 l - 5 curare-tipped darts
 n - 18 poisoned darts (quivered)
 H - 3 atropa-tipped darts
 I - 6 boomerangs
 K - a throwing net
Armour
 d - a +0 pair of boots (worn)
 p - a +1 cloak (worn)
 w - a +0 pair of gloves (worn)
 x - a +0 chain mail (worn)
 A - a +0 helmet (worn)
Jewellery
 g - an amulet of faith (around neck)
 u - a +5 ring of evasion (left hand)
 v - a ring of protection from fire (right hand)
 E - a ring of poison resistance
Wands
 e - a wand of mindburst (4)
 h - a wand of iceblast (5)
 q - a wand of digging (8)
 C - a wand of flame (18)
 F - a wand of light (21)
 G - a wand of polymorph (7)
Scrolls
 c - 3 scrolls of teleportation
 f - a scroll of immolation
 M - a scroll of fog
 N - a scroll of fear
Potions
 i - 3 potions of haste {unknown}
 j - 5 potions of heal wounds
 k - a potion of cancellation {unknown}
 o - 7 potions of curing
 r - a potion of enlightenment {unknown}
 s - 2 potions of magic {unknown}
 t - a potion of might {unknown}
 z - 2 potions of attraction {unknown}
 D - 2 potions of brilliance {unknown}
 J - a potion of berserk rage {unknown}
 L - a potion of mutation {unknown}


   Skills:
 + Level 10.0 Fighting
 + Level 7.4 Short Blades
 + Level 7.4 Long Blades
 + Level 10.0 Axes
 + Level 7.4 Maces & Flails
 + Level 7.4 Polearms
 + Level 7.4 Staves
 + Level 7.4 Ranged Weapons
 + Level 7.4 Throwing
 + Level 8.8 Armour
 + Level 8.8 Dodging
 + Level 7.4 Stealth
 + Level 7.4 Shields
 + Level 7.4 Unarmed Combat
 + Level 7.4 Spellcasting
 + Level 6.2 Conjurations
 + Level 6.2 Hexes
 + Level 6.2 Summonings
 + Level 6.2 Necromancy
 + Level 6.2 Translocations
 + Level 6.2 Transmutations
 + Level 6.2 Fire Magic
 + Level 6.2 Ice Magic
 + Level 6.2 Air Magic
 + Level 6.2 Earth Magic
 + Level 6.2 Poison Magic
 + Level 8.2 Invocations
 + Level 7.4 Evocations
 + Level 6.8 Shapeshifting


You had 25 spell levels left.
You didn't know any spells.
Your spell library was empty.

Dungeon Overview and Level Annotations

Branches:
Dungeon (11/15)            Temple (0/1) D:5            Lair (0/5) D:9
  IceCv (1/1)
    Orc: D:9-12

Altars:
Dithmenos
Elyvilon
Fedhas
Makhleb
Okawaru
Vehumet
Xom
Yredelemnul
The Shining One

Shops:
D:1 (

Portals:
Trove: D:10 (give 2 scrolls of acquirement)


Innate Abilities, Weirdness & Mutations

You have very sharp teeth.
Your uncanny sense of smell can sniff out nearby items.
Your experience applies equally to all skills.


Message History

The frost giant points at you and mumbles some strange words.
The bolt of cold misses you.
The bolt of cold hits your two-headed ogre!!
The yak barely misses you. The wolf bites you but does no damage.
Your +5 battleaxe of freezing glows with a cold blue light!
b - a +5 battleaxe of freezing (weapon)
Your two-headed ogre rages.
Your two-headed ogre hits the yak with a +0 giant spiked club!
Your two-headed ogre barely misses the yak.
The frost giant casts a spell at you. The bolt of cold hits you!
* * * LOW HITPOINT WARNING * * *
The bolt of cold hits your two-headed ogre!!
The yak gores you but does no damage.
A red film seems to cover your vision as you go berserk!
You feel yourself moving faster!
You feel mighty! The wolf misses you.
Your two-headed ogre hits the yak with a +0 giant spiked club!
Your two-headed ogre hits the yak with a +0 giant club!!
The yak dies!
Trog accepts your kill.
The frost giant gestures at you while chanting.
The bolt of cold hits you!!!
* * * LOW HITPOINT WARNING * * *
The bolt of cold hits your two-headed ogre!!
Your two-headed ogre dies!
Your two-headed ogre's corpse disappears in a puff of smoke!
You slash the frost giant! You freeze the frost giant.
You bite the frost giant.
The frost giant is moderately wounded.
You slash the wolf! You freeze the wolf!
You kill the wolf!
Trog accepts your kill.
You closely miss the wolf. The wolf misses you.
You slice the frost giant!! You freeze the frost giant.
The frost giant is heavily wounded.
You slice the wolf!! You freeze the wolf!
You kill the wolf!
Trog accepts your kill.
The frost giant hits you with a +4 battleaxe of freezing!
You die...

....# ∆ ....# ∆ ....##∆
.....## ###### ......#
###....### .......
#####....#...####Ch.....
.#.....####....#@..#
....#### ####.§†###
##### #####


You could see a frost giant and a polar bear.

Vanquished Creatures
  2 two-headed ogres
  5 death yaks (IceCv)
  An ice statue (IceCv)
  Joseph (D:7)
  2 unseen horrors
  4 rime drakes (IceCv)
  2 ice devils (D:11)
  2 trolls
  3 polar bears (IceCv)
  Prince Ribbit (D:9)
  2 wraiths
  4 yaks (IceCv)
  3 wyverns
  Eustachio (D:5)
  A steam dragon (D:8)
  8 vampire mosquitoes
  3 acid dragons
  A water moccasin (D:7)
  2 orc warriors
  An ice beast (D:4)
  A sky beast (D:8)
  A black bear (D:5)
  5 ogres
  10 wolves (IceCv)
  A centaur (D:8)
  4 kobold brigands
  Blork the orc (D:5)
  6 bullfrogs
  A gnoll sergeant (D:8)
  4 scorpions
  21 wights
  2 howler monkeys
  4 orc priests
  Crazy Yiuf (D:2)
  2 jellies
  2 gnoll boudas
  7 hounds
  5 iguanas
  6 orc wizards
  Robin (D:4)
  3 adders
  14 gnolls
  A shadow imp (D:8)
  2 ufetubi (D:5)
  2 worms
  5 dart slugs
  25 orcs
  7 endoplasms
  2 giant cockroaches
  7 hobgoblins
  5 jackals
  12 kobolds
  4 quokkas
  11 ball pythons
  3 bats
  18 goblins
  22 rats
277 creatures vanquished.

Vanquished Creatures (collateral kills)
  A death yak (IceCv)
  An ugly thing (D:11)
  A rime drake (IceCv)
  A yak (IceCv)
  An acid dragon (D:11)
  A wolf (IceCv)
  2 orcs (D:6)
8 creatures vanquished.

Grand Total: 285 creatures vanquished

Notes
Turn   | Place    | Note
-------+----------+-------------------------------------------
     0 | D:1      | jejorda2 the Gnoll Berserker began the quest for the Orb.
     0 | D:1      | Reached XP level 1. HP: 23/23 MP: 1/1
    84 | D:1      | Reached XP level 2. HP: 16/29 MP: 2/2
   193 | D:1      | Found Timuss's Antique Weapon Shop.
   911 | D:2      | Reached XP level 3. HP: 35/35 MP: 3/3
  1046 | D:2      | Found a faded altar of an unknown god.
  1080 | D:2      | Reached ** piety under Trog
  1273 | D:2      | Found a blossoming altar of Fedhas.
  1561 | D:2      | Reached skill level 1 in Invocations
  1627 | D:2      | Found a runed translucent door.
  1628 | D:2      | Noticed Crazy Yiuf
  1638 | D:2      | Killed Crazy Yiuf
  1639 | D:2      | Reached skill level 1 in Short Blades
  1639 | D:2      | Reached skill level 1 in Long Blades
  1639 | D:2      | Reached skill level 1 in Maces & Flails
  1639 | D:2      | Reached skill level 1 in Polearms
  1639 | D:2      | Reached skill level 1 in Staves
  1639 | D:2      | Reached skill level 1 in Ranged Weapons
  1639 | D:2      | Reached skill level 1 in Throwing
  1639 | D:2      | Reached skill level 1 in Stealth
  1639 | D:2      | Reached skill level 1 in Shields
  1639 | D:2      | Reached skill level 1 in Unarmed Combat
  1639 | D:2      | Reached skill level 1 in Spellcasting
  1639 | D:2      | Reached skill level 1 in Evocations
  1639 | D:2      | Reached skill level 1 in Shapeshifting
  1639 | D:2      | Reached XP level 4. HP: 41/41 MP: 5/5
  1789 | D:2      | Reached skill level 1 in Conjurations
  1789 | D:2      | Reached skill level 1 in Hexes
  1789 | D:2      | Reached skill level 1 in Summonings
  1789 | D:2      | Reached skill level 1 in Necromancy
  1789 | D:2      | Reached skill level 1 in Translocations
  1789 | D:2      | Reached skill level 1 in Transmutations
  1789 | D:2      | Reached skill level 1 in Fire Magic
  1789 | D:2      | Reached skill level 1 in Ice Magic
  1789 | D:2      | Reached skill level 1 in Air Magic
  1789 | D:2      | Reached skill level 1 in Earth Magic
  1789 | D:2      | Reached skill level 1 in Poison Magic
  2164 | D:3      | Reached *** piety under Trog
  2167 | D:3      | Reached XP level 5. HP: 44/47 MP: 5/7
  2608 | D:4      | Noticed an ogre
  2612 | D:4      | Killed an ogre
  2613 | D:4      | Reached XP level 6. HP: 53/53 MP: 8/8
  2700 | D:4      | Noticed Robin
  2720 | D:4      | Killed Robin
  2779 | D:4      | Reached skill level 5 in Armour
  2779 | D:4      | Reached skill level 5 in Dodging
  2928 | D:4      | Reached XP level 7. HP: 53/60 MP: 10/10
  2992 | D:4      | Reached **** piety under Trog
  3307 | D:4      | Identified the +10 dagger of the Jolly Tables {speed,
                  | Will+}
  3449 | D:5      | Entered Level 5 of the Dungeon
  3493 | D:5      | Reached XP level 8. HP: 67/67 MP: 12/12
  3537 | D:5      | Noticed Eustachio
  3543 | D:5      | Noticed Blork the orc
  3551 | D:5      | Killed Eustachio
  3560 | D:5      | Killed Blork the orc
  3843 | D:5      | Found a staircase to the Ecumenical Temple.
  4463 | D:6      | Reached XP level 9. HP: 73/73 MP: 14/14
  4831 | D:7      | Noticed Joseph
  4853 | D:7      | Killed Joseph
  5541 | D:7      | Found a burning altar of Makhleb.
  5541 | D:7      | Noticed a green death
  5545 | D:7      | Noticed an orange demon
  5545 | D:7      | Noticed an orange demon
  5696 | D:7      | Reached skill level 5 in Invocations
  5839 | D:7      | Reached ***** piety under Trog
  6154 | D:7      | Killed an unseen horror
  6155 | D:7      | Reached XP level 10. HP: 7/80 MP: 17/17
  6529 | D:8      | Reached skill level 5 in Short Blades
  6529 | D:8      | Reached skill level 5 in Long Blades
  6529 | D:8      | Reached skill level 5 in Maces & Flails
  6529 | D:8      | Reached skill level 5 in Polearms
  6529 | D:8      | Reached skill level 5 in Staves
  6529 | D:8      | Reached skill level 5 in Ranged Weapons
  6529 | D:8      | Reached skill level 5 in Throwing
  6529 | D:8      | Reached skill level 5 in Stealth
  6529 | D:8      | Reached skill level 5 in Shields
  6529 | D:8      | Reached skill level 5 in Unarmed Combat
  6529 | D:8      | Reached skill level 5 in Spellcasting
  6529 | D:8      | Reached skill level 5 in Evocations
  6735 | D:8      | Found a basalt altar of Yredelemnul.
  6763 | D:8      | Found a blossoming altar of Fedhas.
  6766 | D:8      | Found a radiant altar of Vehumet.
  7455 | D:8      | Found a white marble altar of Elyvilon.
  7669 | D:8      | Reached skill level 5 in Shapeshifting
  7726 | D:8      | Found a glowing golden altar of the Shining One.
  8187 | D:9      | Found a staircase to the Lair.
  8235 | D:9      | Noticed a two-headed ogre
  8242 | D:9      | Killed a two-headed ogre
  8302 | D:9      | Found a shimmering altar of Xom.
  8381 | D:9      | Noticed Prince Ribbit
  8407 | D:9      | Killed Prince Ribbit
  8408 | D:9      | Reached XP level 11. HP: 82/87 MP: 19/19
  8752 | D:9      | Reached skill level 5 in Conjurations
  8752 | D:9      | Reached skill level 5 in Hexes
  8752 | D:9      | Reached skill level 5 in Summonings
  8752 | D:9      | Reached skill level 5 in Necromancy
  8752 | D:9      | Reached skill level 5 in Translocations
  8752 | D:9      | Reached skill level 5 in Transmutations
  8752 | D:9      | Reached skill level 5 in Fire Magic
  8752 | D:9      | Reached skill level 5 in Ice Magic
  8752 | D:9      | Reached skill level 5 in Air Magic
  8752 | D:9      | Reached skill level 5 in Earth Magic
  8752 | D:9      | Reached skill level 5 in Poison Magic
  8870 | D:10     | Entered Level 10 of the Dungeon
  8933 | D:10     | Found an iron altar of Okawaru.
  9004 | D:10     | Noticed a two-headed ogre
  9011 | D:10     | Killed a two-headed ogre
  9523 | D:10     | Found a shadowy altar of Dithmenos.
 10017 | D:10     | Found a portal to a secret trove of treasure.
 10524 | D:11     | Noticed a cyan ugly thing
 10531 | D:11     | Killed a cyan ugly thing
 10631 | D:11     | Found a frozen archway.
 10744 | IceCv    | Entered an ice cave
 10797 | IceCv    | Noticed a death yak
 10824 | IceCv    | Killed a death yak
 10930 | IceCv    | Reached XP level 12. HP: 97/97 MP: 22/22
 10984 | IceCv    | Noticed a death yak
 10994 | IceCv    | Killed a death yak
 11246 | IceCv    | Noticed a death yak
 11254 | IceCv    | Noticed a death yak
 11255 | IceCv    | Noticed a death yak
 11259 | IceCv    | Killed a death yak
 11266 | IceCv    | Killed a death yak
 11275 | IceCv    | Killed a death yak
 11345 | IceCv    | Noticed a death yak
 11345 | IceCv    | Noticed a frost giant
 11357 | IceCv    | Killed a death yak
 11358 | IceCv    | Reached skill level 10 in Fighting
 11358 | IceCv    | Reached skill level 10 in Axes
 11367 | IceCv    | HP: 6/145 [frost giant/bolt of cold (39)]
 11369 | IceCv    | Mangled by a frost giant

Illustrated notes

Levels and vault maps discovered:
D:1:      dpeg_arrival_chambers_temple_mockup, layout_loops_ring, serial_shops,
          nicolae_shop_advertising_works [nicolae_subvault_shop_adworks]
D:2:      layout_basic, basic_altar, hellmonk_ecumenical_altar_inner_sanctum,
          serial_park_tiny_pond, minmay_rat_hole, uniq_crazy_yiuf_cottage
D:3:      layout_basic, dk_noncrumbling_4
D:4:      cheibrodos_barr_body, layout_loops_ring, uniq_robin
D:5:      layout_rooms, temple_green, uniq_eustachio, uniq_blork_the_orc
D:6:      layout_cave_pools
D:7:      minmay_chambers_of_sixes, layout_loops_corners,
          makhleb_altar_promises_db, nicolae_hexahallways, uniq_joseph
D:8:      layout_rooms, kennysheep_ying_yang, lemuel_coloured_pillars_altar,
          amcnicky_altar_gilded, lemuel_crystal_altar,
          nicolae_overflow_hidden_temple, minmay_fractal_squares_5
D:9:      layout_roguey, general_overflow_altar, lair_entry_dummy,
          nicolae_twisty_statue_hallways, uniq_prince_ribbit1
D:10:     layout_layer_cave, okawaru_ov_weapons_minmay,
          nicolae_dithmenos_shadow_blocks, enter_trove_0
D:11:     layout_loops_ring, portal_ice_cave_demonic_guard
IceCv:    ice_cave_small_giant

Skill      XL: |  1  2  3  4  5  6  7  8  9 10 11 12 |
---------------+-------------------------------------+-----
Invocations    | 1 2 3 4 5 6 7 8 |  8.2
Short Blades   | 1 2 3 4 5 6 7 |  7.4
Long Blades    | 1 2 3 4 5 6 7 |  7.4
Maces & Flails | 1 2 3 4 5 6 7 |  7.4
Polearms       | 1 2 3 4 5 6 7 |  7.4
Staves         | 1 2 3 4 5 6 7 |  7.4
Ranged Weapons | 1 2 3 4 5 6 7 |  7.4
Throwing       | 1 2 3 4 5 6 7 |  7.4
Stealth        | 1 2 3 4 5 6 7 |  7.4
Shields        | 1 2 3 4 5 6 7 |  7.4
Unarmed Combat | 1 2 3 4 5 6 7 |  7.4
Spellcasting   | 1 2 3 4 5 6 7 |  7.4
Evocations     | 1 2 3 4 5 6 7 |  7.4
Shapeshifting  | 1 2 3 4 5 6 |  6.8
Conjurations   | 1 2 3 4 5 6 |  6.2
Hexes          | 1 2 3 4 5 6 |  6.2
Summonings     | 1 2 3 4 5 6 |  6.2
Necromancy     | 1 2 3 4 5 6 |  6.2
Translocations | 1 2 3 4 5 6 |  6.2
Transmutations | 1 2 3 4 5 6 |  6.2
Fire Magic     | 1 2 3 4 5 6 |  6.2
Ice Magic      | 1 2 3 4 5 6 |  6.2
Air Magic      | 1 2 3 4 5 6 |  6.2
Earth Magic    | 1 2 3 4 5 6 |  6.2
Poison Magic   | 1 2 3 4 5 6 |  6.2
Armour         | 5 6 7 8 |  8.8
Dodging        | 5 6 7 8 |  8.8
Fighting       | 7 8 9 10 | 10.0
Axes           | 7 8 9 10 | 10.0

Action                     |  1- 3 |  4- 6 |  7- 9 | 10-12 || total
---------------------------+-------+-------+-------+-------++-------
  Melee: Hand axe          |    74 |   180 |    46 |       ||   300
         Bite              |     7 |    17 |    44 |    66 ||   134
         Punch             |     1 |     1 |     9 |    22 ||    33
         Dagger            |       |       |   172 |   464 ||   636
         Broad axe         |       |       |    86 |    71 ||   157
         Battleaxe         |       |       |       |    60 ||    60
  Throw: Dart              |       |       |       |    12 ||    12
         Boomerang         |       |       |       |     4 ||     4
 Invoke: Berserk           |     2 |     3 |     5 |    12 ||    22
         Trog's Hand       |       |       |     2 |     1 ||     3
         Brothers in Arms  |       |       |       |     2 ||     2
    Use: Scroll            |       |       |    16 |     2 ||    18
   Stab: Sleeping          |     1 |       |       |       ||     1
         Distracted        |       |       |       |     1 ||     1
 Armour: Animal skin       |    23 |       |       |       ||    23
         Ring mail         |     7 |    12 |       |       ||    19
         Scale mail        |       |    19 |       |       ||    19
         Chain mail        |       |    34 |   176 |   294 ||   504
  Dodge: Dodged            |    53 |    96 |   144 |   373 ||   666

Table legend: (Time is in decaauts)
 A = Elapsed time spent in this place.
 B = Non-inter-level travel time spent in this place.
 C = Inter-level travel time spent in this place.
 D = Time resting spent in this place.
 E = Time spent auto-exploring this place.
 F = Levels seen in this place.
 G = Mean time per level.
                   A        B        C        D        E       F      G
               +--------+--------+--------+--------+--------+-----+--------+
         Total |  11265 |  10844 |    421 |   1389 |   7525 |  12 |  938.8 |
       Dungeon |  10654 |  10233 |    421 |   1168 |   7295 |  11 |  968.5 |
      Ice Cave |    610 |    610 |      0 |    221 |    230 |   1 |  610.0 |
               +--------+--------+--------+--------+--------+-----+--------+

Top non-repeatable levels by time:
     D:7: 1865 daAuts
    D:10: 1546 daAuts
     D:8: 1244 daAuts
     D:2: 965 daAuts
     D:9: 926 daAuts
     D:4: 888 daAuts
     D:1: 846 daAuts
     D:3: 766 daAuts
     D:5: 755 daAuts
   IceCv: 610 daAuts
     D:6: 595 daAuts
    D:11: 252 daAuts
